 Dungeon Crawl Stone Soup version 0.21-a0-286-g6fcecc0 (webtiles) character file.

154822 p0werm0de the Peltast (level 16, -12/134 HPs)
             Began as a White Draconian Wizard on Sept 25, 2017.
             Was the Champion of Dithmenos.
             Killed from afar by a deep elf sorcerer (42 damage)
             ... with a bolt of acid
             ... on level 3 of the Elven Halls.
             The game lasted 01:37:18 (22688 turns).

p0werm0de the Peltast (White Draconian Wizard)     Turns: 22688, Time: 01:37:19

Health: -12/134    AC:  9    Str: 10 (11) XL:     16   Next: 79%
Magic:  17/24      EV: 14    Int: 21      God:    Dithmenos [******]
Gold:   771        SH: 33    Dex: 15 (16) Spells: 5/21 levels left

rFire    + . .     SeeInvis .     - Unarmed
rCold    + + .     Gourm    .   Y - +10 large shield of Ignorance {rN+ Int-4}
rNeg     + . .     Faith    .   (armour unavailable)
rPois    .         Spirit   .   a - +2 hat
rElec    +         Reflect  +   g - +0 cloak (curse)
rCorr    .         Harm     .   h - +1 pair of gloves
MR       +++..     NoTele   +   s - +2 pair of boots {Fly}
Stlth    +++++++...             O - +4 amulet of reflection
HPRegen  0.32/turn              G - ring of protection from magic
MPRegen  0.19/turn              T - ring of Balance {-Tele rElec MR+ Int+7}

@: short of breath, corroded, flying, wreathed by umbra
A: breathe frost, unfitting armour, cold resistance 2, deterioration 1, fire
resistance 1, high mp 1, cold-blooded, AC +9
}: 1/15 runes: abyssal
a: Breathe Frost, Shadow Step, Shadow Form, Renounce Religion, Stop Flying


You were on level 3 of the Elven Halls.
You worshipped Dithmenos.
Dithmenos was exalted by your worship.
You were not hungry.

You visited 4 branches of the dungeon, and saw 23 of its levels.
You visited the Abyss 2 times.
You also visited: Bailey, Ice Cave and Volcano.

You collected 2678 gold pieces.
You spent 1907 gold pieces at shops.

Inventory:

Hand Weapons
 b - a +8 quick blade
 t - the +11 battleaxe of Maonaask {chop, rN++ Int+2}
   (You found it on level 3 of the Abyss)

   It inflicts extra damage upon your enemies.
   It affects your intelligence (+2).
   It greatly protects you from negative energy.
 v - a +1 blowgun
Missiles
 d - 2 throwing nets
 l - 7 curare-tipped needles
 K - 62 tomahawks of returning (quivered)
Armour
 a - a +2 hat (worn)
 g - a cursed +0 cloak (worn)
 h - a +1 pair of gloves (worn)
 s - a +2 pair of boots of flying (worn)
 Y - the +10 large shield of Ignorance (worn) {rN+ Int-4}
   (You found it on level 10 of the Dungeon)

   It affects your intelligence (-4).
   It protects you from negative energy.
Jewellery
 D - an uncursed ring of magical power
 G - a ring of protection from magic (left hand)
 O - a +4 amulet of reflection (around neck)
 Q - the amulet "Xuacs" {Spirit Str+5}
   (You took it off a deep elf annihilator on level 3 of the Elven Halls)

   [amulet of guardian spirit]

   It causes incoming damage to be split between your health and magic.
   It affects your strength (+5).
 T - the ring of Balance (right hand) {-Tele rElec MR+ Int+7}
   (You took it off a deep elf demonologist on level 3 of the Elven Halls)

   [ring of protection from magic]

   It affects your intelligence (+7).
   It insulates you from electricity.
   It affects your resistance to hostile enchantments.
   It prevents most forms of teleportation.
 U - a +4 ring of evasion
Wands
 e - a wand of polymorph (9/24)
 j - a wand of digging (3/24)
 p - a wand of lightning (6/15)
 w - a wand of paralysis (13/24)
 P - a wand of lightning (0/15)
 V - a wand of digging (10/24)
 W - a wand of enslavement (21/24)
Scrolls
 i - 3 scrolls of fear
 k - 5 scrolls of amnesia
 m - 5 scrolls of enchant armour
 q - a scroll of vulnerability
 x - 8 scrolls of remove curse
 B - 4 scrolls of fog
 C - 2 scrolls of blinking
 E - 2 scrolls of summoning
 M - a scroll of silence
 R - a scroll of torment
 X - a scroll of recharging
 Z - 5 scrolls of teleportation
Potions
 f - a potion of lignification
 n - a potion of cancellation
 o - 4 potions of agility
 r - 6 potions of curing
 u - a potion of resistance
 z - 2 potions of brilliance
 F - 3 potions of haste
 I - a potion of magic
 J - a potion of heal wounds
 L - 3 potions of mutation
 N - 3 potions of might
 S - a potion of flight
Books
 y - a book of Battle

   Spells                             Type                      Level
   a - Infusion                       Charms                       1
   b - Shroud of Golubria             Charms/Translocation         2
   c - Song of Slaying                Charms                       2
   d - Spectral Weapon                Hexes/Charms                 3
   e - Regeneration                   Charms/Necromancy            3
 H - a Necronomicon

   Spells                             Type                      Level
   a - Haunt                          Necromancy/Summoning         7
   b - Borgnjor's Revivification      Necromancy                   8
   c - Death's Door                   Charms/Necromancy            8
   d - Infestation                    Necromancy                   8
   e - Necromutation                  Transmutation/Necromancy     8
Comestibles
 c - 7 bread rations
 A - a royal jelly


   Skills:
 - Level 10.0 Fighting
 - Level 5.9 Dodging
 * Level 7.8 Stealth
 * Level 17.6 Shields
 - Level 16.9 Unarmed Combat
 - Level 3.0 Spellcasting
 - Level 1.0 Conjurations
 - Level 1.0 Summonings
 - Level 1.0 Translocations
 * Level 8.4 Invocations


You had 5 spell levels left.
You knew the following spells:

 Your Spells              Type           Power        Failure   Level  Hunger
a - Apportation           Tloc           #.....       22%         1    None
b - Blink                 Tloc           N/A          34%         2    ##.....
d - Regeneration          Chrm/Necr      #.........   71%         3    ###....
j - Swiftness             Chrm/Air       #.......     45%         2    ##.....
q - Call Imp              Summ           #.......     34%         2    ##.....
s - Song of Slaying       Chrm           #.......     45%         2    ##.....
u - Confusing Touch       Hex            #.....       34%         1    None
v - Mephitic Cloud        Conj/Pois/Air  #.......     65%         3    ###....


Dungeon Overview and Level Annotations

Branches:
Dungeon (12/15)            Temple (0/1) D:7            Lair (6/6) D:11
 Shoals (0/4) Lair:4       Spider (0/4) Lair:3        Slime (0/5) Lair:5
    Orc (2/2) D:12            Elf (3/3) Orc:2

Altars:
Dithmenos
Fedhas
Gozag
Okawaru
Qazlal
Ru
Trog
Zin
Jiyva

Shops:
D:10 *   D:12 !   Orc:2 :*?[(   Elf:3 }}[

Annotations:
D:4 2 transporters
D:10 1 runed door, exclusion: orange crystal statue
Lair:5 1 runed door
Lair:6 1 runed door


Innate Abilities, Weirdness & Mutations

You can breathe waves of freezing cold.
You can buffet flying creatures when you breathe cold.
Your icy white scales are hard. (AC +9)
You cannot fit into any form of body armour.
Your flesh is very cold resistant. (rC++)
You are cold-blooded and may be slowed by cold attacks.
Your body sometimes deteriorates upon taking damage.
Your flesh is heat resistant. (rF+)
You have an increased reservoir of magic. (+10% MP)


Message History

The deep elf sorcerer is heavily wounded.
Your shadow hits the deep elf sorcerer!
The deep elf sorcerer hits you with a long sword of protection.
You punch the deep elf sorcerer!
The deep elf sorcerer is severely wounded.
Your shadow hits the deep elf sorcerer.
The deep elf sorcerer gestures at you while chanting.
The bolt of acid hits you!
* * * LOW HITPOINT WARNING * * *
The acid corrodes you!
You are splashed with acid!
The acid burns!
* * * LOW HITPOINT WARNING * * *
You feel much better.
The deep elf sorcerer completely misses you.
You block the water elemental's attack. The deep elf sorcerer misses you.
You barely miss the deep elf sorcerer.
The deep elf sorcerer is almost dead.
You block the water elemental's attack.
The deep elf sorcerer casts a spell at you.
The bolt of acid hits you!
You die...

## #. ......#.# #.#
......##.# #.#
######......##.# #.#
#
.)}.)##..{..###.###.#
#. )[.[##.E...#
#.#.###.# ... #....#
#)..#.#.
##'##....####)...#.#
#..@#.......#.))#.##
#..eE....##.##.#[###
#.⌠......##(#".)## #
#...|....##..)[.# #
#........##.#[..# ##
#.......###.##.####.
#.......# #.###.##.#
#......## #.......##
.......# ###...'.#


You could see a deep elf sorcerer and a water elemental.

Vanquished Creatures
  A deep elf blademaster (Elf:3)
  A deep elf master archer (Elf:3)
  Frances (D:12)
  4 deep elf sorcerers (Elf:3)
  An orc warlord (Orc:2)
  2 deep elf elementalists (Elf:3)
  6 deep elf demonologists (Elf:3)
  Azrael (D:12)
  4 deep elf annihilators (Elf:3)
  4 deep elf death magi (Elf:3)
  An ettin (D:12)
  Josephine (Lair:6)
  A deep elf high priest (D:11)
  3 hydras
  Fannar (Lair:1)
  2 anacondas (Lair:5)
  4 two-headed ogres
  10 dancing weapons
  Erica (D:9)
  A death yak (Lair:4)
  Urug (Lair:5)
  5 orc high priests
  A hell knight (Volcano)
  Sonja (Lair:1)
  A fire crab (shapeshifter) (Elf:2)
  5 deep elf knights
  2 slime creatures (D:12)
  A swamp dragon (D:11)
  Pikel (D:7)
  2 lindwurms (Lair:6)
  3 deep elf archers
  A necromancer (IceCv)
  3 orc knights
  4 orc sorcerers
  An orb spider (Abyss:3)
  15 deep elf magi
  An ugly thing (D:7)
  7 black mambas
  Maurice (D:8)
  3 elephants (Lair:6)
  2 large abominations (Abyss:2)
  4 ice statues (IceCv)
  A rust devil (Abyss:2)
  Joseph (Lair:1)
  4 smoke demons (Abyss:2)
  7 torpor snails
  Psyche (D:12)
  A gargoyle (D:11)
  11 spiny frogs
  4 rime drakes
  A kobold demonologist (D:12)
  A rime drake (shapeshifter) (D:11)
  An ancient zyme (Abyss:2)
  A hellwing (Abyss:2)
  3 komodo dragons
  5 ice devils (IceCv)
  3 tyrant leeches (Lair:6)
  7 trolls
  3 polar bears
  9 hornets
  A raiju (Abyss:3)
  16 dream sheep
  16 blink frogs
  An air elemental (Elf:2)
  10 hippogriffs
  2 centaur simulacra
  A shadow (D:11)
  Sigmund (D:6)
  3 wyverns
  3 basilisks
  3 wraiths (Lair:6)
  A water elemental (D:12)
  7 fire elementals
  18 yaks
  3 hungry ghosts
  2 small abominations (Abyss:3)
  2 steam dragons (Lair:2)
  2 vampire mosquitoes (D:12)
  Menkaure (D:6)
  2 wargs (Orc:1)
  Duvessa (D:6)
  2 hell hounds (D:12)
  17 water moccasins
  6 porcupines
  A slave (D:7)
  A black bear (D:7)
  5 phantoms
  The ghost of Nattefrost the Ruffian, an amateur TrHu (D:3)
  13 ice beasts
  34 orc warriors
  2 sky beasts
  13 ogres
  An eye of draining (D:10)
  14 wolves
  2 centaurs
  4 crocodiles
  A big kobold (D:7)
  16 bullfrogs
  2 earth elementals (Elf:3)
  A wyvern zombie (D:8)
  A wyvern skeleton (D:12)
  Dowan (D:6)
  6 scorpions
  8 killer bees
  3 wights (D:8)
  A howler monkey (D:10)
  An electric eel (D:12)
  6 crimson imps
  2 draconian simulacra (IceCv)
  A hound (D:7)
  A quasit (D:9)
  A bullfrog zombie (D:11)
  2 centaur zombies
  13 orc priests
  21 orc wizards
  2 centaur skeletons
  A jelly (D:7)
  An iguana (D:10)
  9 worker ants
  A troll simulacrum (IceCv)
  A bullfrog simulacrum (D:12)
  A hound zombie (D:11)
  3 hound skeletons
  A howler monkey zombie (D:10)
  13 gnolls
  8 adders
  2 ogre simulacra (IceCv)
  A worker ant zombie (D:10)
  4 naga simulacra (IceCv)
  A shadow imp (D:11)
  A white imp (D:12)
  An ufetubus (D:12)
  An ooze (D:4)
  An adder skeleton (D:5)
  3 leopard geckos
  64 orcs
  4 giant cockroaches
  7 goblins
  15 hobgoblins
  21 jackals
  4 quokkas
  2 ball pythons
  6 bats
  3 frilled lizards
  9 kobolds
  4 rats
  A fungus (Lair:5)
675 creatures vanquished.

Vanquished Creatures (collateral kills)
  4 yaks
  An ogre (D:9)
  A centaur (D:5)
  2 bullfrogs (D:6)
  A howler monkey (D:9)
  A wight (D:8)
  A jelly (D:5)
  2 orc wizards (D:4)
  3 gnolls (Bailey)
  3 adders
  6 orcs
  A goblin (D:2)
  2 hobgoblins
  2 bats
  A kobold (D:2)
  2 rats
33 creatures vanquished.

Vanquished Creatures (others)
  A deep elf master archer (Elf:3)
  A black mamba (Lair:5)
  A centaur simulacrum (D:12)
  3 slaves (D:7)
  3 centaurs
  2 bullfrogs
  2 crimson imps (D:7)
  A bullfrog zombie (D:9)
  A centaur zombie (D:7)
  A jelly (D:12)
  An orc wizard (Orc:2)
  An orc (Elf:3)
  2 jackals (D:7)
  5 kobolds (D:7)
  4 briar patches (Abyss:3)
  47 fungi
  39 plants
  8 starspawn tentacles (Abyss:2)
123 creatures vanquished.

Grand Total: 831 creatures vanquished

Notes
Turn   | Place    | Note
-------+----------+-------------------------------------------
     0 | D:1      | p0werm0de the Draconian Wizard began the quest for the Orb.
     0 | D:1      | Reached XP level 1. HP: 14/14 MP: 4/4
   370 | D:1      | Reached skill level 1 in Fighting
   629 | D:1      | Reached XP level 2. HP: 18/23 MP: 4/6
   909 | D:1      | Learned a level 2 spell: Blink
   912 | D:1      | Learned a level 2 spell: Call Imp
   941 | D:1      | Reached skill level 1 in Unarmed Combat
  1009 | D:2      | Found a bloodstained altar of Trog.
  1029 | D:2      | Reached skill level 1 in Shields
  1072 | D:2      | Reached XP level 3. HP: 19/28 MP: 1/7
  1201 | D:3      | Noticed Nattefrost's ghost (amateur TrHu)
  1220 | D:3      | Killed Nattefrost's ghost
  1220 | D:3      | Reached skill level 2 in Fighting
  1220 | D:3      | Reached skill level 2 in Shields
  1220 | D:3      | Reached skill level 2 in Unarmed Combat
  1220 | D:3      | Reached XP level 4. HP: 37/37 MP: 3/8
  1512 | D:3      | Found a shadowy altar of Dithmenos.
  1607 | D:3      | Became a worshipper of Dithmenos the Shadowed
  1886 | D:4      | Reached XP level 5. HP: 19/44 MP: 3/9
  1890 | D:4      | Reached skill level 3 in Fighting
  2144 | D:4      | Reached skill level 3 in Shields
  2277 | D:4      | Found an iron altar of Okawaru.
  2627 | D:4      | Found a transporter.
  2634 | D:4      | Noticed a fire bat
  2651 | D:4      | Reached XP level 6. HP: 39/52 MP: 7/10
  2702 | D:4      | Found a transporter.
  2754 | D:4      | Reached skill level 4 in Fighting
  2765 | D:5      | Entered Level 5 of the Dungeon
  2777 | D:5      | Reached * piety under Dithmenos
  2795 | D:5      | Reached skill level 4 in Shields
  2866 | D:5      | Found a blossoming altar of Fedhas.
  2997 | D:5      | Reached skill level 5 in Fighting
  2997 | D:5      | Your scales start taking on an icy white colour.
  2997 | D:5      | Reached XP level 7. HP: 59/61 MP: 3/11
  2997 | D:5      | Gained mutation: Your flesh is cold resistant. (rC+) [White Draconian growth]
  3047 | D:5      | Reached skill level 5 in Shields
  3197 | D:6      | Noticed Sigmund
  3208 | D:6      | Killed Sigmund
  3208 | D:6      | Reached skill level 6 in Fighting
  3237 | D:6      | Noticed Dowan
  3239 | D:6      | Noticed Duvessa
  3279 | D:6      | Killed Dowan
  3279 | D:6      | Reached skill level 6 in Shields
  3280 | D:6      | Killed Duvessa
  3280 | D:6      | Reached XP level 8. HP: 42/71 MP: 9/12
  3535 | D:6      | Reached skill level 7 in Fighting
  3583 | D:6      | Noticed Menkaure
  3588 | D:6      | Killed Menkaure
  3588 | D:6      | Reached skill level 7 in Shields
  3755 | D:7      | Reached skill level 8 in Fighting
  3763 | D:7      | Learned a level 3 spell: Mephitic Cloud
  3778 | D:7      | Found a staircase to the Ecumenical Temple.
  3838 | D:7      | Noticed a white ugly thing
  3861 | D:7      | Killed a white ugly thing
  3861 | D:7      | Reached skill level 8 in Shields
  3861 | D:7      | Reached XP level 9. HP: 45/82 MP: 13/13
  3864 | D:7      | Gained mutation: You are agile. (Dex +2) [mutagenic meat]
  3865 | D:7      | Gained mutation: Your flesh is very cold resistant. (rC++) [mutagenic meat]
  3878 | D:7      | Noticed Pikel
  3953 | D:7      | Killed Pikel
  3953 | D:7      | Reached ** piety under Dithmenos
  3953 | D:7      | Reached skill level 9 in Fighting
  4029 | D:7      | Found an opulent altar of Gozag.
  4096 | D:7      | Reached skill level 9 in Shields
  4370 | D:7      | Got a transparent lead ring
  4373 | D:7      | Identified the ring of the Thoughtful Eyes {rN+ EV+1} (You found it on level 7 of the Dungeon)
  4402 | D:7      | Found a flagged portal.
  4408 | Bailey   | Entered a bailey
  4853 | Bailey   | Reached *** piety under Dithmenos
  4874 | Bailey   | Reached skill level 10 in Fighting
  5018 | D:7      | Reached skill level 3 in Unarmed Combat
  5092 | D:7      | Found a glowing silver altar of Zin.
  5092 | D:7      | Found a stormy altar of Qazlal.
  5240 | D:7      | Reached skill level 4 in Unarmed Combat
  5317 | D:8      | Found a sacrificial altar of Ru.
  5453 | D:8      | Noticed a two-headed ogre
  5515 | D:8      | Killed a two-headed ogre
  5515 | D:8      | Reached skill level 5 in Unarmed Combat
  5515 | D:8      | Reached XP level 10. HP: 46/93 MP: 2/14
  5576 | D:8      | Reached skill level 6 in Unarmed Combat
  5892 | D:8      | Noticed a seven-headed hydra
  6113 | D:9      | Noticed Erica
  6165 | D:9      | Killed Erica
  6165 | D:9      | Reached skill level 7 in Unarmed Combat
  6230 | D:9      | Reached skill level 8 in Unarmed Combat
  6344 | D:9      | Learned a level 1 spell: Apportation
  6346 | D:9      | Learned a level 1 spell: Confusing Touch
  6391 | D:10     | Entered Level 10 of the Dungeon
  6391 | D:10     | Noticed a gargoyle
  6401 | D:10     | Noticed a two-headed ogre
  6623 | D:10     | Killed a two-headed ogre
  6623 | D:10     | Reached skill level 9 in Unarmed Combat
  6663 | D:10     | Found Vaqa's General Store.
  6717 | D:10     | Bought a potion of lignification for 48 gold pieces
  6717 | D:10     | Bought a potion of curing for 48 gold pieces
  6725 | D:10     | Lost mutation: You are agile. (Dex +2) [mutagenic meat]
  6726 | D:10     | Gained mutation: Your flesh is heat resistant. (rF+) [mutagenic meat]
  6727 | D:10     | Gained mutation: You have very sharp teeth. [mutagenic meat]
  6728 | D:10     | Lost mutation: You have very sharp teeth. [mutagenic meat]
  6729 | D:10     | Gained mutation: You have an increased reservoir of magic. (+10% MP) [mutagenic meat]
  6775 | D:10     | Reached **** piety under Dithmenos
  6809 | D:10     | Noticed a two-headed ogre
  6909 | D:10     | Killed a two-headed ogre
  6909 | D:10     | Reached skill level 10 in Unarmed Combat
  7036 | D:10     | Found a runed door.
  7066 | D:10     | Found the +10 large shield of Ignorance {rN+ Int-4}
  7101 | D:10     | Found a runed door.
  7120 | D:10     | Noticed an orange crystal statue
  7275 | D:11     | Noticed a two-headed ogre
  7320 | D:11     | Killed a two-headed ogre
  7320 | D:11     | Reached XP level 11. HP: 71/99 MP: 17/17
  7618 | D:11     | Found a staircase to the Lair.
  7645 | D:11     | Reached skill level 10 in Shields
  7741 | Lair:1   | Entered Level 1 of the Lair of Beasts
  7763 | Lair:1   | Noticed a five-headed hydra
  7779 | Lair:1   | Found a dark tunnel.
  7793 | Lair:1   | Reached skill level 11 in Unarmed Combat
  7802 | Volcano  | Entered a volcano
  7819 | Volcano  | Noticed a hell knight
  7830 | Volcano  | Killed a hell knight
  7875 | Volcano  | Noticed Multipenetrator's ghost (journeyman FoFi)
  7952 | Lair:1   | Noticed Fannar
  7995 | Lair:1   | Killed Fannar
  8010 | Lair:1   | Learned a level 2 spell: Swiftness
  8018 | Lair:1   | Noticed a five-headed hydra
  8034 | Lair:1   | Killed a five-headed hydra
  8043 | Lair:1   | Noticed Joseph
  8302 | Lair:1   | Killed Joseph
  8484 | Lair:2   | Reached skill level 11 in Shields
  8999 | Lair:3   | Reached ***** piety under Dithmenos
  9058 | Lair:3   | Reached skill level 12 in Unarmed Combat
  9087 | Lair:3   | Found a hole to the Spider Nest.
  9428 | Lair:3   | Reached XP level 12. HP: 65/106 MP: 18/18
  9624 | Lair:4   | Reached skill level 12 in Shields
  9892 | Lair:4   | Noticed a death yak
  9911 | Lair:4   | Killed a death yak
  9911 | Lair:4   | Reached skill level 13 in Unarmed Combat
 10216 | Lair:4   | Found a staircase to the Shoals.
 10475 | Lair:5   | Noticed an anaconda
 10495 | Lair:5   | Killed an anaconda
 10561 | Lair:5   | Noticed an anaconda
 10574 | Lair:5   | Reached skill level 13 in Shields
 10653 | Lair:5   | Noticed Urug
 10784 | Lair:5   | Killed an anaconda
 10784 | Lair:5   | Reached skill level 14 in Unarmed Combat
 10972 | Lair:5   | Found a runed door.
 10972 | Lair:5   | Found a viscous altar of Jiyva.
 10972 | Lair:5   | Noticed an acid blob
 10973 | Lair:5   | Noticed an acid blob
 11026 | Lair:5   | Killed Urug
 11326 | Lair:5   | Reached XP level 13. HP: 95/113 MP: 19/19
 11376 | Lair:5   | Noticed an acid blob
 11378 | Lair:5   | Noticed an acid blob
 11476 | Lair:5   | Found a staircase to the Slime Pits.
 11521 | Lair:6   | Entered Level 6 of the Lair of Beasts
 11628 | Lair:6   | Noticed Josephine
 11857 | Lair:6   | Found a runed door.
 11894 | Lair:6   | Paralysed by a hornet for 2 turns
 11906 | Lair:6   | Paralysed by a hornet for 1 turns
 11943 | Lair:6   | Paralysed by a hornet for 2 turns
 12112 | Lair:6   | Reached skill level 14 in Shields
 12363 | Lair:6   | Reached ****** piety under Dithmenos
 12594 | Lair:6   | Reached skill level 15 in Unarmed Combat
 12949 | Lair:6   | Killed Josephine
 13348 | Lair:1   | Noticed Sonja
 13354 | Lair:1   | Killed Sonja
 13419 | D:11     | Reached skill level 15 in Shields
 13709 | D:12     | Reached XP level 14. HP: 98/121 MP: 20/20
 13773 | D:12     | Gained mutation: Your body sometimes deteriorates upon taking damage. [mutagenic meat]
 13836 | D:12     | Found a frozen archway.
 13938 | IceCv    | Entered an ice cave
 14443 | IceCv    | Reached skill level 16 in Unarmed Combat
 14796 | IceCv    | Reached skill level 5 in Dodging
 14796 | IceCv    | Reached XP level 15. HP: 78/126 MP: 21/21
 14902 | D:12     | Noticed Psyche
 14923 | D:12     | Killed Psyche
 14936 | D:12     | Noticed Frances
 14959 | D:12     | Killed Frances
 15213 | D:12     | Noticed Azrael
 15237 | D:12     | Killed Azrael
 15293 | D:12     | Found Yjemoysial's Distillery.
 15299 | D:12     | Bought a potion of lignification for 39 gold pieces
 15299 | D:12     | Bought a potion of haste for 130 gold pieces
 15299 | D:12     | Bought a potion of might for 52 gold pieces
 15299 | D:12     | Bought a potion of curing for 39 gold pieces
 15968 | D:12     | Found a staircase to the Orcish Mines.
 15977 | Orc:1    | Entered Level 1 of the Orcish Mines
 16001 | Orc:2    | Entered Level 2 of the Orcish Mines
 16656 | Orc:1    | Reached skill level 16 in Shields
 16800 | Orc:2    | Found Hiwnunne's Magic Scroll Shoppe.
 16806 | Orc:2    | Bought a scroll of teleportation for 39 gold pieces
 16806 | Orc:2    | Bought a scroll of blinking for 97 gold pieces
 16806 | Orc:2    | Bought a scroll of fear for 45 gold pieces
 16806 | Orc:2    | Bought a scroll of fog for 26 gold pieces
 16816 | Orc:2    | Found Yzavef's Antique Armour Boutique.
 16831 | Orc:2    | Found Beytutirr's Antique Weapon Boutique.
 17800 | Orc:2    | Found Ivywejuh's Book Shoppe.
 17815 | Orc:2    | Found Amumyg's General Store.
 17823 | Orc:2    | Bought a scroll of teleportation for 39 gold pieces
 17924 | Orc:2    | Found a staircase to the Elven Halls.
 17940 | Orc:2    | Noticed an orc warlord
 17958 | Orc:2    | Killed an orc warlord
 17988 | Orc:2    | Bought a pair of embroidered boots for 157 gold pieces
 18052 | Orc:2    | Bought a book of Battle for 680 gold pieces
 18056 | Orc:2    | Learned a level 3 spell: Regeneration
 18059 | Orc:2    | Learned a level 2 spell: Song of Slaying
 18272 | D:12     | Reached skill level 1 in Invocations
 18330 | D:8      | Noticed Maurice
 18359 | D:8      | Killed Maurice
 18498 | Orc:2    | Bought a glowing quick blade for 468 gold pieces
 18508 | Elf:1    | Entered Level 1 of the Elven Halls
 18577 | Elf:1    | Reached skill level 2 in Invocations
 19015 | Elf:2    | Reached skill level 2 in Stealth
 19221 | Elf:2    | Reached skill level 3 in Invocations
 19353 | Elf:2    | Reached skill level 3 in Stealth
 19355 | Elf:2    | Found a runed gate.
 19355 | Elf:2    | Found a runed gate.
 19355 | Elf:2    | Found a runed gate.
 19451 | Elf:2    | Reached skill level 4 in Invocations
 19774 | Elf:2    | Reached XP level 16. HP: 95/134 MP: 22/22
 20076 | Elf:3    | Entered Level 3 of the Elven Halls
 20144 | Elf:3    | Reached skill level 4 in Stealth
 20206 | Elf:3    | Reached skill level 5 in Invocations
 20273 | Elf:3    | Found Init's Armour Emporium.
 20302 | Elf:3    | Found Yngunosk's Gadget Shoppe.
 20320 | Elf:3    | Found Uczunuos's Gadget Shop.
 20427 | Elf:3    | Reached skill level 17 in Shields
 20436 | Elf:3    | Reached skill level 5 in Stealth
 20437 | Elf:3    | Noticed a deep elf blademaster
 20489 | Elf:3    | Noticed a deep elf master archer
 20511 | Elf:3    | Killed a deep elf master archer
 20511 | Elf:3    | Reached skill level 6 in Invocations
 20514 | Elf:3    | Cast into level 2 of the Abyss (a deep elf sorcerer)
 20596 | Abyss:3  | Identified the +11 battleaxe of Maonaask {chop, rN++ Int+2} (You found it on level 3 of the Abyss)
 20644 | Abyss:3  | Noticed a tengu reaver
 20645 | Abyss:3  | Noticed a thorn hunter
 20653 | Abyss:3  | Noticed a tengu reaver
 20655 | Abyss:3  | Got an abyssal rune of Zot
 20846 | Elf:3    | Escaped the Abyss
 20856 | Elf:3    | Reached skill level 6 in Stealth
 21129 | Elf:3    | Killed a deep elf blademaster
 21365 | Elf:3    | Cast into level 2 of the Abyss (a deep elf demonologist)
 21437 | Abyss:2  | Reached skill level 7 in Invocations
 21489 | Abyss:2  | Noticed a tentacled starspawn
 21775 | Elf:3    | Escaped the Abyss
 21790 | Elf:3    | Got a wavering ivory ring
 21792 | Elf:3    | Identified the ring of Balance {-Tele rElec MR+ Int+7} (You took it off a deep elf demonologist on level 3 of the Elven Halls)
 21910 | Elf:3    | Noticed a deep elf master archer
 21929 | Elf:3    | Killed a deep elf master archer
 21951 | Elf:3    | Got a wavering ivory amulet
 21952 | Elf:3    | Identified the amulet "Xuacs" {Spirit Str+5} (You took it off a deep elf annihilator on level 3 of the Elven Halls)
 22103 | Elf:3    | Reached skill level 7 in Stealth
 22109 | Elf:3    | Noticed an Ice Fiend
 22131 | Elf:3    | Reached skill level 8 in Invocations
 22688 | Elf:3    | Killed from afar by a deep elf sorcerer

Vault maps used:
D:1:      dpeg_chamrin_arrival_tetris
D:2:      bloody_trog, uniq_natasha
D:3:      lemuel_coloured_pillars_altar
D:4:      gammafunk_cloud_chamber, okawaru_gym_becter, first_bread,
          kennysheep_generic_room_13
D:5:      kennysheep_little_box
D:6:      minmay_gold_behind_fungi, minmay_misc_feat_nine_boxes, uniq_duvessa,
          uniq_menkaure, uniq_sigmund
D:7:      grunt_gozag_statues, gammafunk_temple_overflow_statue,
          minmay_temple_entry_trees, enter_bailey_2, uniq_pikel
D:8:      grunt_ogre_cave, nicolae_ru_sacrificial_ziggurat, uniq_maurice
D:9:      uniq_erica
D:10:     serial_shops, shop, special_room, eino_small_chamber_without_monster,
          chequers_guarded_unrand_ignorance
D:11:     minmay_the_grid_4x2, lair_entry_dummy
D:12:     david_orc_4, serial_shops, nicolae_shop_window_shopping, serial_ice,
          serial_ice_m, serial_ice_c, serial_ice_l, serial_ice_f, serial_ice_n,
          serial_ice_o, portal_ice_cave_entry_ice_beasts, uniq_psyche,
          uniq_azrael, uniq_frances
Lair:1:   nicolae_volcano_entry_lava_flow, uniq_fannar, uniq_joseph, uniq_sonja
Lair:2:   nicolae_lair_grove_arrangements, bobbens_dragon_lair_wall,
          lemuel_fruit_fields
Lair:3:   spider_nest_entry_web_field, beast_lair_carwin_2
Lair:4:   minmay_lair_oklob_tunnel, shoals_dummy_entry, grunt_megastairs_3
Lair:5:   beast_lair_carwin_large_4, slime_altar_2, grunt_megastairs_2,
          serial_bayou_shore_a, uniq_urug
Lair:6:   hangedman_lair_in_review, wormcave, minmay_lair_drake_nest,
          infiniplex_staircase_pool_2, uniq_josephine
Orc:2:    grunt_orc_gardens, grunt_orc_garden, grunt_orc_garden,
          grunt_orc_garden, grunt_orc_garden, serial_shops,
          nicolae_shop_behind_doors
Elf:1:    hangedman_elf_disciples, evilmike_spriggan_trog_shrine
Elf:3:    grunt_elf_hall_spiral, serial_shops, shop, shop, shop, shop
Abyss:2:  evilmike_abyss_exit_1, evilmike_abyss_exit_1
Bailey:   bailey_axe_2, bailey
IceCv:    ice_cave_tombish
Volcano:  volcano_pools

Skill      XL: |  1  2  3  4  5  6  7  8  9 10 11 12 13 14 15 16 |
---------------+-------------------------------------------------+-----
Fighting       | 1 2 3 5 6 8 10 | 10.0
Unarmed Combat | 1 2 5 10 12 14 15 16 | 16.9
Shields        | 1 2 3 4 6 8 9 11 13 15 16 17 | 17.6
Dodging        | 5 |  5.9
Invocations    | 4 8 |  8.4
Stealth        | 3 7 |  7.8
Spellcasting   | |  3.0
Conjurations   | |  1.0
Summonings     | |  1.0
Translocations | |  1.0

Action                   |  1- 3 |  4- 6 |  7- 9 | 10-12 | 13-15 | 16-18 || total
-------------------------+-------+-------+-------+-------+-------+-------++-------
Melee: Unarmed           |   116 |     5 |    10 |   922 |  1649 |   533 ||  3235
       Tailslap          |     8 |     9 |    51 |   125 |   212 |    57 ||   462
       Falchion          |       |    79 |   143 |    90 |       |       ||   312
       Dagger            |       |    60 |   231 |    97 |    63 |       ||   451
       Punch             |       |     3 |       |       |       |       ||     3
       Quick blade       |       |       |       |       |    19 |     1 ||    20
 Fire: Blowgun           |       |       |       |       |     7 |       ||     7
Throw: Tomahawk          |       |       |       |       |     1 |     2 ||     3
       Throwing net      |       |       |       |       |     1 |       ||     1
 Cast: Magic Dart        |     5 |       |       |       |       |       ||     5
       Call Imp          |    11 |    17 |    24 |    35 |       |       ||    87
       Blink             |       |       |     5 |     1 |     2 |     1 ||     9
       Mephitic Cloud    |       |       |     1 |       |       |     3 ||     4
       Apportation       |       |       |       |     4 |       |     1 ||     5
       Regeneration      |       |       |       |       |       |     3 ||     3
Invok: Shadow Step       |       |       |       |       |       |     2 ||     2
       Shadow Form       |       |       |       |       |       |     1 ||     1
 Abil: Breathe Frost     |       |       |    20 |    28 |    11 |     3 ||    62
Evoke: Wand              |       |       |     7 |    20 |    20 |     8 ||    55
  Use: Potion            |     2 |       |     1 |     5 |     9 |    13 ||    30
       Scroll            |       |     9 |     2 |    14 |    23 |    13 ||    61
 Stab: Distracted        |     1 |       |     4 |     2 |     4 |     2 ||    13
       Sleeping          |       |     4 |     2 |     6 |    14 |     2 ||    28
       Invisible         |       |       |     6 |     2 |    11 |       ||    19
       Confused          |       |       |     2 |       |       |     2 ||     4
       Paralysed         |       |       |       |       |    26 |       ||    26
       Held in net/web   |       |       |       |       |     2 |       ||     2
  Eat: Chunk             |     2 |     6 |     7 |    18 |     4 |       ||    37
       Fruit             |       |       |     2 |     2 |     5 |       ||     9
       Meat ration       |       |       |     1 |     2 |     6 |     1 ||    10
       Royal jelly       |       |       |     2 |     3 |     3 |       ||     8
Armor: Skin              |    39 |    57 |    98 |   148 |   134 |    39 ||   515
Dodge: Dodged            |    52 |   132 |   239 |   233 |   286 |    94 ||  1036
Block: Shield            |    26 |       |   141 |   155 |       |       ||   322
       Large shield      |       |       |       |   923 |  1763 |   434 ||  3120
       Reflection        |       |       |       |    13 |    39 |    15 ||    67
       Other             |       |       |       |       |     1 |       ||     1
       Rpst.: Falchion   |       |    22 |    18 |    15 |       |       ||    55

Table legend:
 A = Spawn XP
 B = Non-spawn XP
 C = Spawn XP percentage of total XP
 D = Spawn monster count
 E = Non-spawn monster count
 F = Spawn count percentage of total count
 G = Total turns spent on level
                    A         B        C        D         E        F      G
               +---------+---------+-------+---------+---------+-------+---------
         Total |    3807 |  158195 |   2.3 |      13 |     700 |   1.8 | 22688
               +---------+---------+-------+---------+---------+-------+---------
           D:1 |       0 |      26 |   0.0 |       0 |      18 |   0.0 |   962
           D:2 |       0 |      23 |   0.0 |       0 |       8 |   0.0 |   226
           D:3 |       0 |     137 |   0.0 |       0 |      19 |   0.0 |   659
           D:4 |       0 |     261 |   0.0 |       0 |      17 |   0.0 |   918
           D:5 |       0 |     586 |   0.0 |       0 |      21 |   0.0 |   384
           D:6 |       0 |    1150 |   0.0 |       0 |      16 |   0.0 |   616
           D:7 |       0 |    2340 |   0.0 |       0 |      30 |   0.0 |   991
           D:8 |       0 |    1899 |   0.0 |       0 |      17 |   0.0 |   686
           D:9 |       0 |    1315 |   0.0 |       0 |      11 |   0.0 |   652
          D:10 |       0 |    2664 |   0.0 |       0 |      32 |   0.0 |   741
          D:11 |       0 |    7929 |   0.0 |       0 |      45 |   0.0 |  1118
          D:12 |       0 |   13151 |   0.0 |       0 |      76 |   0.0 |  1610
        Lair:1 |       0 |    3769 |   0.0 |       0 |       6 |   0.0 |   587
        Lair:2 |       0 |    1404 |   0.0 |       0 |       5 |   0.0 |   632
        Lair:3 |       0 |    4336 |   0.0 |       0 |      21 |   0.0 |   610
        Lair:4 |       0 |    6544 |   0.0 |       0 |      30 |   0.0 |   785
        Lair:5 |       0 |   11185 |   0.0 |       0 |      47 |   0.0 |  1395
        Lair:6 |       0 |   19770 |   0.0 |       0 |      63 |   0.0 |  1527
         Orc:1 |       0 |    4764 |   0.0 |       0 |      38 |   0.0 |   879
         Orc:2 |       0 |    9336 |   0.0 |       0 |      51 |   0.0 |   976
         Elf:1 |       0 |     974 |   0.0 |       0 |       2 |   0.0 |   402
         Elf:2 |       0 |   14240 |   0.0 |       0 |      22 |   0.0 |  1454
         Elf:3 |       0 |   43554 |   0.0 |       0 |      44 |   0.0 |  1582
       Abyss:2 |    1898 |     983 |  65.9 |       6 |       3 |  66.7 |   471
       Abyss:3 |    1909 |     234 |  89.1 |       7 |       1 |  87.5 |   271
        Bailey |       0 |     307 |   0.0 |       0 |      34 |   0.0 |   557
         IceCv |       0 |    4284 |   0.0 |       0 |      20 |   0.0 |   906
       Volcano |       0 |    1030 |   0.0 |       0 |       3 |   0.0 |    91
               +---------+---------+-------+---------+---------+-------+---------
